 Dungeon Sprint DCSS version 0.20-a0-1122-gb7cbeb9 (webtiles) character file.

1771 potatolord6000 the Protected (level 9, -4/64 HPs)
             Began as a Gargoyle Fighter on May 11, 2017.
             Slain by a yaktaur (5 damage)
             ... in the Dungeon (Sprint II: "The Violet Keep of Menkaure").
             The game lasted 00:05:02 (450 turns).

potatolord6000 the Protected (Gargoyle Fighter)      Turns: 450, Time: 00:05:03

Health: -4/64      AC: 23    Str: 22    XL:     9   Next: 7%
Magic:  9/9        EV:  6    Int: 10    God:
Gold:   116        SH: 16    Dex:  9    Spells: 8/8 levels left

rFire    . . .     SeeInvis .   a - +0 flail
rCold    . . .     Gourm    .   c - +0 shield
rNeg     + . .     Faith    .   g - +1 plate armour {MR+}
rPois    ∞         Spirit   .   (no helmet)
rElec    +         Reflect  +   (no cloak)
rCorr    .         Harm     .   (no gloves)
MR       +....     NoTele   +   d - +0 pair of boots
Stlth    ..........             f - +4 amulet of reflection
Regen    0.2/turn               (no ring)
MPRegen  0.2/turn               (no ring)

@: slowed, very slow
A: negative energy resistance 1, electricity resistance, unbreathing,
petrification resistance, rot immunity, AC +5
a: no special abilities


You were in the Dungeon.
You were full.

You visited 1 branch You collected 989 gold pieces.
You spent 873 gold pieces at shops.

Inventory:

Hand Weapons
 a - a +0 flail (weapon)
Armour
 c - a +0 shield (worn)
 d - a +0 pair of boots (worn)
 g - a +1 plate armour of magic resistance (worn)
Jewellery
 f - a +4 amulet of reflection (around neck)
Scrolls
 k - a scroll of blinking
Potions
 i - 2 potions of magic


   Skills:
 + Level 11.2 Fighting
 + Level 10.2 Maces & Flails
 + Level 11.3 Armour
 + Level 11.2 Shields


You had 8 spell levels left.
You didn't know any spells.

Dungeon Overview and Level Annotations

Branches:
Dungeon (1/1)

Altars:
Cheibriados
Dithmenos
Elyvilon
Fedhas
Gozag
Kikubaaqudgha
Makhleb
Nemelex Xobeh
Okawaru
Sif Muna
Trog
Uskayaw
Vehumet
Yredelemnul
Zin
Beogh
Jiyva
Lugonu

Shops:
D ::%}!!?}(![(=[=(

Annotations:
D exclusions: obsidian statue and oklob plant


Innate Abilities, Weirdness & Mutations

You are resistant to torment.
Your stone body is resilient. (AC +5)
You are immune to poison.
You resist negative energy. (rN+)
You are resistant to electric shocks. (rElec)
You can survive without breathing.
You are immune to petrification.
You are immune to rotting.


Message History

The hornet stings you but does no damage.
The yaktaur is engulfed in a cloud of scalding steam.
The yaktaur hits you!
* * * LOW HITPOINT WARNING * * *
You hit the hornet but do no damage.
The hornet is severely wounded.
You are engulfed in a cloud of scalding steam.
* * * LOW HITPOINT WARNING * * *
You block the hornet's attack. The hornet stings you.
* * * LOW HITPOINT WARNING * * *
The yaktaur hits you but does no damage.
Your shield and plate armour prevent you from hitting the hornet.
The hornet is severely wounded.
You are engulfed in a cloud of scalding steam.
* * * LOW HITPOINT WARNING * * *
You block the hornet's attack. x2; You block the yaktaur's attack.
The hornet stings you.
* * * LOW HITPOINT WARNING * * *
The yaktaur hits you.
You die...

#.###†###.##..# .# #
#..##.##.# #..# .# .#
.##'.<.'## +..### .##.# %
#.†##.##†# #....###...##▓▓
#.###'###.##......≈≈≈≈≈≈≈≈
####.).####≈≈.§§..≈#+#####
≈≈#..#..#≈≈§≈§≈≈.§≈#....._
#≈##...##≈≈§§≈≈c§§≈#...._.
#≈≈##+##≈≈≈≈§§§§@≈≈#..._._
##≈≈≈≈≈≈≈≈≈≈§≈§≈≈y≈#.._._.
#+++#+++#≈§≈§≈≈§§§#._._._
§§... ##≈§≈###§§#_._._.
.§§..§...##§≈# #≈≈#._._._
..§..8.....+≈≈# #§≈#_._._.
#§§....§§.##≈≈≈ ≈§≈#######
##§....§§## #######≈≈≈≈≈≈
####+####


You could see a yaktaur and a hornet.

Vanquished Creatures
  A merfolk siren (D)
  3 polar bears (D)
  2 hippogriffs (D)
  A vampire mosquito (D)
  4 necrophages (D)
  A crocodile (D)
  4 worker ants (D)
16 creatures vanquished.

Vanquished Creatures (others)
  Menkaure (D)
  A crocodile (D)
2 creatures vanquished.

Grand Total: 18 creatures vanquished

Notes
Turn   | Place    | Note
-------+----------+-------------------------------------------
     0 | D        | potatolord6000 the Gargoyle Fighter began the quest for the Orb.
     0 | D        | Reached XP level 1. HP: 14/14 MP: 1/1
     1 | D        | Noticed a necrophage
     1 | D        | Noticed a necrophage
     1 | D        | Noticed a necrophage
     1 | D        | Noticed a necrophage
     9 | D        | Killed a necrophage
     9 | D        | Reached skill level 5 in Fighting
     9 | D        | Reached skill level 5 in Armour
     9 | D        | Reached skill level 5 in Shields
     9 | D        | Reached XP level 2. HP: 17/22 MP: 2/2
     9 | D        | Reached XP level 3. HP: 21/27 MP: 3/3
     9 | D        | Reached XP level 4. HP: 25/32 MP: 4/4
    12 | D        | Killed a crocodile
    13 | D        | Killed a necrophage
    13 | D        | Reached skill level 5 in Maces & Flails
    13 | D        | Reached XP level 5. HP: 30/37 MP: 5/5
    24 | D        | Killed a necrophage
    24 | D        | Reached XP level 6. HP: 33/44 MP: 6/6
    26 | D        | Killed a necrophage
    30 | D        | Noticed a hippogriff
    30 | D        | Noticed a hippogriff
    32 | D        | Killed Menkaure
    37 | D        | Killed a hippogriff
    37 | D        | Reached XP level 7. HP: 26/50 MP: 7/7
    41 | D        | Killed a hippogriff
   109 | D        | Noticed a merfolk siren
   121 | D        | Killed a merfolk siren
   121 | D        | Reached skill level 10 in Fighting
   121 | D        | Reached skill level 10 in Armour
   121 | D        | Reached skill level 10 in Shields
   121 | D        | Reached XP level 8. HP: 42/58 MP: 8/8
   172 | D        | Found Ylonwoag's Weapon Shop.
   172 | D        | Found Vecacwif's Jewellery Boutique.
   172 | D        | Found Qoz Kiux's Jewellery Boutique.
   172 | D        | Found Vacogiagh's Antique Weapon Shop.
   173 | D        | Found Becrozin's Antique Armour Shop.
   173 | D        | Found Qepnaoj's Distillery.
   173 | D        | Found Sebaoji's Weapon Shop.
   173 | D        | Found Jajalois's Gadget Boutique.
   174 | D        | Found Ycew's Distillery.
   174 | D        | Found Tupsifoji's Distillery.
   175 | D        | Found Utanejuo's Antique Armour Shop.
   175 | D        | Found Agecit's Magic Scroll Boutique.
   175 | D        | Noticed a polar bear
   176 | D        | Noticed a polar bear
   176 | D        | Found Plog's Gadget Boutique.
   176 | D        | Found Orchae's Food Shop.
   176 | D        | Noticed an oklob plant
   177 | D        | Noticed a slime creature
   177 | D        | Found Ufrogul's Book Shoppe.
   177 | D        | Found Goid's Book Boutique.
   177 | D        | Noticed a slime creature
   182 | D        | Noticed a hell hog
   183 | D        | Noticed a hell hog
   185 | D        | Bought a pair of boots for 81 gold pieces
   202 | D        | Bought a +4 amulet of reflection for 324 gold pieces
   211 | D        | Bought a glowing plate armour for 468 gold pieces
   399 | D        | Noticed an obsidian statue
   410 | D        | Found an opulent altar of Gozag.
   411 | D        | Found a blossoming altar of Fedhas.
   411 | D        | Found a sparkling altar of Nemelex Xobeh.
   411 | D        | Found an iron altar of Okawaru.
   412 | D        | Found a white marble altar of Elyvilon.
   412 | D        | Found a burning altar of Makhleb.
   412 | D        | Found a radiant altar of Vehumet.
   413 | D        | Found a shadowy altar of Dithmenos.
   413 | D        | Found a corrupted altar of Lugonu.
   413 | D        | Found a hide-covered altar of Uskayaw.
   414 | D        | Found a snail-covered altar of Cheibriados.
   414 | D        | Found an ancient bone altar of Kikubaaqudgha.
   414 | D        | Found a bloodstained altar of Trog.
   414 | D        | Found a glowing silver altar of Zin.
   414 | D        | Noticed a polar bear
   415 | D        | Noticed a polar bear
   415 | D        | Found a viscous altar of Jiyva.
   415 | D        | Found a roughly hewn altar of Beogh.
   415 | D        | Found a deep blue altar of Sif Muna.
   415 | D        | Found a basalt altar of Yredelemnul.
   416 | D        | Noticed a polar bear
   417 | D        | Noticed a yaktaur
   419 | D        | Noticed a hornet
   432 | D        | Killed a polar bear
   438 | D        | Killed a polar bear
   438 | D        | Reached skill level 10 in Maces & Flails
   438 | D        | Reached XP level 9. HP: 40/64 MP: 9/9
   446 | D        | Killed a polar bear
   450 | D        | HP: 2/64 [something (9)]
   450 | D        | Slain by a yaktaur

Vault maps used:
D:        the_violet_keep_of_menkaure

Skill      XL: |  1  2  3  4  5  6  7  8 |
---------------+-------------------------+-----
Fighting       | 5 6 7 8 10 11 | 11.2
Maces & Flails | 4 5 6 7 9 10 | 10.2
Armour         | 5 6 7 9 10 11 | 11.3
Shields        | 5 6 7 8 10 11 | 11.2

Action                   |  1- 3 |  4- 6 |  7- 9 || total
-------------------------+-------+-------+-------++-------
Melee: Flail             |     6 |    22 |    96 ||   124
  Use: Potion            |     2 |       |     3 ||     5
  Eat: Bread ration      |       |       |     1 ||     1
Armor: Scale mail        |     2 |    11 |    10 ||    23
       Plate armour      |       |       |    86 ||    86
Dodge: Dodged            |       |     9 |    34 ||    43
Block: Shield            |     2 |     9 |   106 ||   117
